AoeStats
← uli2099

Nomad

509874869Analyzed
3v3 RM · 5d ago on Sep 28, 2026· 43m 57s· 6 players
Game mode
Random Map
Map size
210×210
Population
200
Speed
Normal
Resources
Standard
Victory
Conquest
Starting age
Dark Age
Ending age
Imperial Age
RankedLock teamsTeams togetherTeam positionsShared explorationLock speedFull tech treeHidden civsTurbo modeCheats
Victory
Defeat
🇲🇾 Danes · Malaysia
1273
+17
🇩🇪 Persians · Germany
1264
+17
🇭🇰 Byzantines · Hong Kong SAR China
1249
+18
🇭🇰 Vietnamese · Hong Kong SAR China
1315
-18
🇨🇳 Berbers · China
1300
-19
🇨🇳 Huns · China
1247
-15
Tintagel
4:49 Loom
16:55 Feudal Age
17:20 Double-Bit Axe
17:16 Horse Collar
18:26 Wheelbarrow
20:46 Castle Age
19:31 Gold Mining
20:39 Scale Mail Armor
20:50 Forging
22:58 Fletching
23:51 Bow Saw
24:03 Bodkin Arrow
29:29 Ballistics
31:32 Squires
31:49 Chain Mail Armor
34:56 Iron Casting
34:48 Hamask
40:19 Imperial Age
41:29 Conscription
41:57 Plate Mail Armor
41:22 Elite Jomsviking
42:28 Arson
43:53 Blast Furnace
我的农民有八块腹肌
5:59 Loom
14:38 Feudal Age
19:16 Castle Age
18:36 Double-Bit Axe
18:45 Stone Mining
18:48 Gold Mining
19:05 Fishing Lines
20:17 Fletching
20:52 Gillnets
24:06 Scale Barding Armor
26:10 Forging
28:12 Iron Casting
28:37 Bodkin Arrow
29:30 Wheelbarrow
31:35 Horse Collar
35:56 Imperial Age
35:10 Gold Shaft Mining
35:11 Chain Barding Armor
37:52 Plate Barding Armor
37:51 Scale Mail Armor
38:40 Conscription
40:24 Pikeman
41:05 Squires
41:25 Chain Mail Armor
42:14 Halberdier
uli2099
4:04 Loom
12:28 Feudal Age
13:43 Gold Mining
13:53 Fishing Lines
16:21 Double-Bit Axe
20:26 Castle Age
20:05 Bloodlines
20:21 Forging
21:10 Medium Warships
20:51 Gillnets
21:50 Bow Saw
22:48 Stone Mining
25:21 Stone Shaft Mining
26:03 Town Watch
26:55 Wheelbarrow
29:55 Horse Collar
36:19 Masonry
37:53 Hand Cart
38:30 Gold Shaft Mining
40:37 Imperial Age
38:04 Pikeman
38:44 Fletching
39:29 Squires
40:36 Scale Mail Armor
40:47 Halberdier
42:04 Conscription
43:02 Two-Man Saw
只会玩匈奴
6:25 Loom
17:13 Feudal Age
17:45 Double-Bit Axe
19:23 Gold Mining
22:57 Castle Age
21:56 Bloodlines
23:12 Wheelbarrow
28:42 Scale Barding Armor
30:06 Forging
32:13 Iron Casting
31:58 Chain Barding Armor
37:00 Husbandry
38:53 Bow Saw
39:13 Masonry
39:50 Hand Cart
44:23 Imperial Age
43:19 Murder Holes
横扫五十岁以上无敌手
14:21 Feudal Age
15:31 Horse Collar
17:20 Double-Bit Axe
20:39 Castle Age
19:00 Loom
19:16 Stone Mining
22:56 Gold Mining
23:10 Padded Archer Armor
27:22 Wheelbarrow
37:00 Fletching
41:59 Bodkin Arrow
我今年16岁
12:28 Loom
14:28 Feudal Age
18:18 Castle Age
16:07 Double-Bit Axe
16:15 Fishing Lines
16:40 Horse Collar
16:51 Gold Mining
17:31 Town Watch
18:22 Wheelbarrow
18:08 Stone Mining
19:11 Bow Saw
19:13 Heavy Plow
20:23 Fletching
22:03 Bodkin Arrow
25:37 Wheelbarrow
25:53 Gold Shaft Mining
26:26 Ballistics
27:22 Padded Archer Armor
27:24 Gillnets
29:14 Hand Cart
31:59 Imperial Age
30:18 Kasbah
30:33 Bloodlines
30:23 Husbandry
31:17 Stone Shaft Mining
31:32 Scale Barding Armor
32:05 Leather Archer Armor
33:04 Chain Barding Armor
32:16 Elite Camel Archer
32:58 Bracer
33:59 Chemistry
32:48 Heavy Camel Rider
34:44 Chain Barding Armor
35:23 Siege Engineers
35:30 Forging
37:09 Conscription
37:53 Plate Barding Armor
39:29 Iron Casting
43:23 Coinage
Connection lost

Rejoining the realm…

Still unreachable

The connection could not be restored.

Session expired

The server has moved on; the page needs a fresh start.